[Event "Late-Titled-Tuesday-Blitz-April-16-2024"]
[Site "Chess.com"]
[Date "2024.04.16"]
[Round "11"]
[White "grzechu96"]
[Black "artin10862"]
[Result "0-1"]
[WhiteElo "2779"]
[BlackElo "2939"]
[TimeControl "180+1"]
[EndTime "16:06:19 PDT"]
[Termination "artin10862 won by resignation"]

1. e4 c5 2. Nf3 Nc6 3. Bb5 g6 4.
Bxc6 bxc6 5. d4 cxd4 6. Qxd4 f6 7. O-O Bg7 8. c4 Nh6 9. h3 O-O 10. Nc3 Nf7 11. Rd1 Qc7 12. c5 Rd8 13. Qe3 d6 14. b3 f5 15. exf5 Bxf5 16. cxd6 exd6 17. Bb2 Re8 18. Qd2 Rad8 19. Ne2 Be4 20. Nfd4 c5 21. f3 cxd4 22. fxe4 d3 23. Ng3 Bxb2 24. Qxb2 Ne5 25. Qd4 Rc8 26. Nf1 Qc5 27. Qxc5 Rxc5 28. Ne3 Rec8 29.
Rd2 Rc1+ 30. Rxc1 Rxc1+ 31. Rd1 Rc5 32. Kf2 Kf7 33. Ke1 Ke6 34. Kd2 Ra5 35. a4 Rc5 36.
Rf1 Rc8 37. Nd1 Rc2+ 38. Ke3 Re2+ 39. Kd4 d2 40. Nc3 Re1 41. Rf8 d1=Q+ 42. Nxd1 Rxd1+ 43. Kc3 Rc1+ 44. Kb2 Nd3+ 45. Ka2 Rc2+ 46. Ka3 Rxg2 47.
Ra8 Rg3 48. Rxa7 Nc5 49. Rxh7 Rxb3+ 50. Ka2 Rb4 51. Rh6 Rxa4+ 52. Kb2 Kf6 53. h4 Kg7 0-1

[Event "Late-Titled-Tuesday-Blitz-April-16-2024"]
[Site "Chess.com"]
[Date "2024.04.16"]
[Round "11"]
[White "Rawnsdale"]
[Black "MarceloPlaya"]
[Result "0-1"]
[WhiteElo "2471"]
[BlackElo "2338"]
[TimeControl "180+1"]
[EndTime "16:06:21 PDT"]
[Termination "MarceloPlaya won on time"]

1. e4 e6 2. d4 d5 3. e5 c5 4. c3 Nc6 5. Nf3 Qb6 6. Be2 Bd7 7. O-O f6 8. a3 c4 9. Nbd2 f5 10. b3 cxb3 11. Qxb3 Qxb3 12. Nxb3 Nh6 13. c4 dxc4 14.
Bxc4 O-O-O 15. d5 exd5 16. Bxd5 Ng4 17. Bg5 Re8 18. Rac1 Nxe5 19. Nxe5 Rxe5 20. Rfd1 Bxa3 21. Ra1 Rhe8 22. Bf4 Re2 23. Bf3 Bb2 24. Rab1 Rc2 25. h4 Bf6 26. h5 Be5 27. Be3 f4 28. Bd4 Bf5 29. Bxc6 bxc6 30. Re1 Rc4 31. Rbd1 Bc2 32. Na5 Rxd4 33. Rxd4 Bxd4 34. Rxe8+ Kd7 35. Rg8 c5 36. h6 gxh6 37. Nc4 Kc6 38. Rc8+ Kd5 39. Nd2 a5 40.
Ra8 a4 41. Kf1 Bd3+ 42. Ke1 Bc2 43. Nf3 Bc3+ 44. Ke2 c4 45. Nd2 Bb4 46. Nf3 a3 47. Ne1 Bb3 48. Rd8+ Kc6 49. Ra8 a2 50. Nf3 Bc3 0-1

[Event "Late-Titled-Tuesday-Blitz-April-16-2024"]
[Site "Chess.com"]
[Date "2024.04.16"]
[Round "11"]
[White "NMJeevanK"]
[Black "szachmistrz2500"]
[Result "1-0"]
[WhiteElo "2579"]
[BlackElo "2469"]
[TimeControl "180+1"]
[EndTime "16:06:23 PDT"]
[Termination "NMJeevanK won on time"]

1. e4 e6 2. d4 d5 3. exd5 exd5 4. Bd3 Bd6 5. Nf3 Ne7 6. O-O Bg4 7. h3 Bh5 8. Re1 Nc6 9. Nbd2 Nxd4 10. c3 Nxf3+ 11. Nxf3 Qd7 12. a4 O-O-O 13. a5 Kb8 14. a6 b6 15. Be2 f6 16. Nd4 Bxe2 17. Qxe2 Nf5 18.
Be3 Rhe8 19. Nxf5 Qxf5 20. Qb5 Qd7 21. Qd3 g6 22. Kh1 Qc6 23. Red1 Bc5 24. Bxc5 Qxc5 25.
Qf3 Rd6 26. Re1 Rde6 27. Rxe6 Rxe6 28. Rd1 Rd6 29. Re1 Rd8 30. Qxf6 Qf8 31. Qh4 Qd6 32.
Qxh7 d4 33. cxd4 Qxd4 34. Re3 Qxb2 35. Qxg6 Qa1+ 36. Kh2 Qxa6 37. Qf6 Qc8 38. h4 a5 39. h5 Rf8 40. Qh4 Rh8 41. h6 Qf8 42. h7 Qd6+ 43. Rg3 Ka7 44. f4 Qd7 45. Rh3 Qf7 46. Qh6 a4 47. Kg1 Ka6 48. Ra3 Ka5 49. Qg5+ b5 50.
Qc5 Qxh7 51. Qc3+ Ka6 52. Qc6+ Ka5 53. Qc3+ Kb6 54. Qd4+ Ka6 55. Rc3 1-0

[Event "Late-Titled-Tuesday-Blitz-April-16-2024"]
[Site "Chess.com"]
[Date "2024.04.16"]
[Round "11"]
[White "RuperezA"]
[Black "lamomiajunior"]
[Result "0-1"]
[WhiteElo "2613"]
[BlackElo "2739"]
[TimeControl "180+1"]
[EndTime "16:06:25 PDT"]
[Termination "lamomiajunior won by resignation"]

1. e4 c5 2. Nf3 d6 3. Bb5+ Nd7 4. O-O a6 5. Bxd7+ Bxd7 6. d4 cxd4 7. Qxd4 Nf6 8. Nc3 e6 9. Bg5 Be7 10. e5 dxe5 11. Nxe5 h6 12. Bxf6 Bxf6 13. Rad1 Bc6 14. Qc5 Qe7 15. Qxe7+ Kxe7 16. Nxc6+ bxc6 17. Na4 Rhd8 18. b3 Rab8 19. Nc5 a5 20. Rfe1 Bd4 21. Na4 g5 22.
Kf1 g4 23. Ke2 f5 24. Rd3 Be5 25. Red1 Rd5 26. c4 Rxd3 27. Rxd3 h5 28. h3 Bd6 29. c5 Be5 30. Nb6 Rb7 31. Nc8+ Kf6 32. Rd8 Rb5 33. Rf8+ Kg7 34. Re8 Kf7 35. Re7+ Kf6 36.
Rh7 Rxc5 37. Rxh5 gxh3 38. Rxh3 Rc2+ 39. Kf3 Bd4 40. Rh7 Rxf2+ 41. Kg3 Rxa2 42. Ne7 c5 43. Nc6 Rb2 44. Rh6+ Kg5 45. Rxe6 Rxb3+ 46. Kh2 a4 47. Ne7 a3 48. Rg6+ Kh5 49. Ra6 Be5+ 50. Kg1 Bg3 51. Kf1 Re3 52. Rh6+ Kxh6 53. Nxf5+ Kg5 54. Nxe3 a2 55. Nc2 Be5 56. Ke2 a1=Q 57. Nxa1 Bxa1 58. Kd3 Bd4 0-1

[Event "Late-Titled-Tuesday-Blitz-April-16-2024"]
[Site "Chess.com"]
[Date "2024.04.16"]
[Round "11"]
[White "Hirna2005"]
[Black "emeli_chess"]
[Result "0-1"]
[WhiteElo "2355"]
[BlackElo "2468"]
[TimeControl "180+1"]
[EndTime "16:06:25 PDT"]
[Termination "emeli_chess won on time"]

1. e4 c5 2. c3 d5 3. exd5 Qxd5 4. Nf3 Nf6 5. Na3 e6 6. d4 Nc6 7. Be3 cxd4 8. Nb5 Qd8 9. Nbxd4 Nxd4 10. Bxd4 Be7 11. Bd3 O-O 12. Qe2 h6 13. O-O-O Qa5 14. Kb1 Bd7 15. Ne5 Bc6 16. Nxc6 bxc6 17. g4 Rab8 18. Ka1 c5 19. Be5 Rb6 20. Bc7 Nd5 21. Bxb6 axb6 22. Qe4 g6 23. h4 Ra8 24. Bc4 Bf6 25.
Bxd5 exd5 26. Qxd5 Rd8 27. Qb3 Ra8 28. h5 g5 29.
Rhe1 b5 30. a3 c4 31. Qb4 Qxb4 32. cxb4 Rxa3+ 33. Kb1 Rb3 34. Re2 c3 35. Rd6 Bg7 36.
Rd8+ Kh7 37. Rc2 cxb2 38. Rd7 Ra3 39. Rxb2 Bxb2 40. Kxb2 Rf3 41. Rd5 Rxf2+ 42. Kb3 Rf3+ 43. Kb2 Rf4 44. Rxb5 Rxg4 45. Kb3 Rg1 46. Rf5 Kg7 47. b5 f6 48. Kc4 Rb1 49. Kc5 Kf7 50.
Kd6 g4 51. Kc6 Ke6 52. Rf2 f5 53. Re2+ Kf6 54. b6 f4 55. Re8 Kg5 0-1

[Event "Late-Titled-Tuesday-Blitz-April-16-2024"]
[Site "Chess.com"]
[Date "2024.04.16"]
[Round "11"]
[White "chess_sharparchitect"]
[Black "Supelyel"]
[Result "0-1"]
[WhiteElo "2231"]
[BlackElo "2406"]
[TimeControl "180+1"]
[EndTime "16:06:25 PDT"]
[Termination "Supelyel won on time"]

1. c4 d6 2. Nc3 Nf6 3. e4 Nbd7 4. d4 e5 5. Nf3 Be7 6. Be2 O-O 7. g4 Nxg4 8. Rg1 exd4 9. Nxd4 Nde5 10. Bxg4 Bxg4 11. Rxg4 Nxg4 12. Qxg4 Bf6 13. Be3 Kh8 14.
Nd5 c5 15. Nf5 Bxb2 16. Rb1 Bf6 17. Rxb7 g6 18. Nh6 Kg7 19. Nf5+ Kh8 20. Nh6 Kg7 21. Kf1 Rb8 22. Rxa7 Rb1+ 23. Kg2 Be5 24. Bg5 Qb8 25. Re7 Qb2 26. Nf5+ Kh8 27. Bf6+ Bxf6 28.
Nxd6 Bxe7 29. Nxe7 Qc1 30. Kh3 Qf1+ 31. Qg2 Qxg2+ 32.
Kxg2 Rb2 33. Nd5 Rxa2 34. Nb7 Rc8 35. Nd6 Rf8 36. Nb7 Rc8 37. Nd6 Rb8 38. Nxf7+ Kg7 39. Ne5 Rbb2 40. Nd3 Rd2 41. N3f4 Rxf2+ 42. Kg3 Rfb2 43.
Ne6+ Kf7 44. Nxc5 Ra3+ 45. Kf4 Rxh2 46. Nd7 h5 47. Ke5 Rc2 48. Nc5 h4 49. Nb7 h3 50.
Nd6+ Kg7 51. Nf4 h2 52. Ne6+ Kh8 53. Nf7+ Kh7 54. Nfg5+ Kh6 55. Nf7+ Kh5 56. Nf4+ Kg4 57. Nh6+ Kf3 0-1

[Event "Late-Titled-Tuesday-Blitz-April-16-2024"]
[Site "Chess.com"]
[Date "2024.04.16"]
[Round "11"]
[White "Cluke86"]
[Black "HipsterChess22"]
[Result "0-1"]
[WhiteElo "2316"]
[BlackElo "2242"]
[TimeControl "180+1"]
[EndTime "16:06:25 PDT"]
[Termination "HipsterChess22 won by resignation"]

1. e4 c6 2. Nf3 d5 3. d3 dxe4 4. dxe4 Qxd1+ 5. Kxd1 Nf6 6. Nbd2 g6 7. a4 Bg7 8. Bc4 O-O 9. h3 a5 10. Ne1 b6 11.
Nd3 Ba6 12. f3 b5 13. axb5 cxb5 14. Bb3 Nc6 15. Nc5 Bc8 16. c3 Rd8 17. Ke2 Nd7 18.
Nd3 Nde5 19. Nf4 Ba6 20. Bd5 e6 21. Ba2 g5 22. Nh5 b4+ 23. c4 Nd4+ 24. Kf1 Rac8 25.
Nxg7 Kxg7 26. b3 Nd3 27. e5 Nxc1 28. Rxc1 Rc5 29. h4 Rxe5 30. hxg5 Rxg5 31. Ne4 Re5 32. Kf2 f5 33. Ng5 h6 34. Nh3 Re2+ 35. Kg3 Rxa2 36.
Nf4 Nxb3 37. Rce1 Nd4 38. Nxe6+ Nxe6 39. Rxe6 Bxc4 40. Rexh6 Rdd2 41. Rh7+ Kf6 42. R1h6+ Ke5 43. Re7+ Kd4 44. Kf4 Rxg2 45. Kxf5 Ra3 46. f4 Bd3+ 47. Kf6 Rf2 48. Rd7+ Kc3 49. Rc7+ Kd2 50. Rh4 Ra1 51. Ke5 Raf1 52. Rf7 b3 53. Rh3 b2 54. Rd7 Rf3 55. Rxf3 Rxf3 0-1

[Event "Late-Titled-Tuesday-Blitz-April-16-2024"]
[Site "Chess.com"]
[Date "2024.04.16"]
[Round "11"]
[White "Akhayan"]
[Black "HajiyevKanan"]
[Result "0-1"]
[WhiteElo "2394"]
[BlackElo "2574"]
[TimeControl "180+1"]
[EndTime "16:06:27 PDT"]
[Termination "HajiyevKanan won by resignation"]

1. e4 c6 2. d4 d5 3. Nc3 a6 4.
Nf3 Bg4 5. h3 Bh5 6. g4 Bg6 7.
exd5 cxd5 8. Ne5 Nc6 9. Nxg6 hxg6 10. Bg2 e6 11. O-O Bb4 12. Ne2 Nf6 13. c3 Ba5 14.
Bf4 Bc7 15. Bxc7 Qxc7 16. Qd3 Nxg4 17. Rfe1 Qh2+ 18. Kf1 Nf6 19. Ng3 Rxh3 20. Bxh3 Qxh3+ 21. Kg1 Ng4 22. Qf3 Qh2+ 23. Kf1 Qh4 24. Qxd5 Qf6 25.
Ne4 Qf4 26. Qd6 Qf5 27. Qxc6+ bxc6 28. Nd6+ Kd7 29. Nxf5 gxf5 30. Kg2 g5 31. Rh1 Nf6 32. Rh6 Ke7 33. Rah1 Rb8 34. b3 a5 35. Rh8 Ne8 36. f3 c5 37. Rg8 cxd4 38. cxd4 Rb4 39. Rd1 Nf6 40. Rxg5 Nd5 41. Kf2 a4 42. Rd3 Rb8 43.
Rg1 Nf4 44. Rc3 Nh3+ 45. Kg2 Nxg1 46. Kxg1 axb3 47. axb3 Rb4 48. Rd3 Kd6 49. Kf2 f4 50. Kg2 Kd5 51. Rc3 Kxd4 52. Rc7 f5 53. Re7 e5 54. Rf7 Rxb3 55. Rxf5 Rb2+ 56. Kh3 Rf2 57. Kg4 Rg2+ 58. Kh4 Rg3 0-1

[Event "Late-Titled-Tuesday-Blitz-April-16-2024"]
[Site "Chess.com"]
[Date "2024.04.16"]
[Round "11"]
[White "Veleamater"]
[Black "Statham_01"]
[Result "0-1"]
[WhiteElo "2421"]
[BlackElo "2593"]
[TimeControl "180+1"]
[EndTime "16:06:28 PDT"]
[Termination "Statham_01 won on time"]

1. g3 d5 2. Bg2 Nc6 3. d3 e5 4.
Nf3 f6 5. O-O Be6 6. Nc3 d4 7. Nb1 h5 8. e4 Qd7 9. Nh4 Nge7 10. f4 exf4 11. gxf4 Bg4 12. Qe1 O-O-O 13. f5 Ne5 14. Bf4 g5 15. Bxe5 fxe5 16. Ng6 Nxg6 17. fxg6 Rg8 18. Rf7 Be7 19. Nd2 Be6 20. Rh7 Rxg6 21.
Rxh5 g4 22. Rh7 g3 23. h4 Rf8 24. Nf3 Qd6 25. Qa5 Rxf3 26. Bxf3 a6 27. Qd2 Kb8 28.
Rh6 Rg8 29. Kg2 Qd7 30. Rh1 Bg4 31. Qe2 Bxf3+ 32. Qxf3 Rf8 33. Qxg3 Rf4 34. Rg6 Qb5 35. b3 Qc5 36. Rf1 Bxh4 37. Qh3 Qxc2+ 38. Kh1 Bf2 39. Rg2 Qe2 40. Rg8+ Ka7 41. Kg2 Be3+ 42. Kg3 Bf2+ 43. Kg2 Be3+ 44. Kg3 Rxf1 45. Kh4 Rf4+ 46. Kg5 Rf3+ 47.
Kh4 Qf2+ 48. Rg3 Bf4 49. Kg4 Rxg3+ 50. Qxg3 Qxg3+ 51. Kf5 Qg8 0-1

[Event "Late-Titled-Tuesday-Blitz-April-16-2024"]
[Site "Chess.com"]
[Date "2024.04.16"]
[Round "11"]
[White "EddieMarsalla"]
[Black "Mikhail_Bryakin"]
[Result "0-1"]
[WhiteElo "2604"]
[BlackElo "2871"]
[TimeControl "180+1"]
[EndTime "16:06:29 PDT"]
[Termination "Mikhail_Bryakin won by resignation"]

1. d4 e5 2. dxe5 Nc6 3. Nf3 d6 4. exd6 Bxd6 5. c3 Nf6 6. Bg5 O-O 7. Nbd2 h6 8. Bh4 Re8 9. e3 Bf5 10. Bc4 Qe7 11. O-O Rad8 12. Qe2 Ne5 13. Nxe5 Qxe5 14.
Bg3 Qc5 15. Rfd1 Bxg3 16. hxg3 Bc2 17. Rdc1 Bg6 18. Rd1 Bc2 19. Rdc1 Bg6 20. Nf3 c6 21. Rd1 a5 22. a4 Ng4 23. Nh4 Ne5 24. Nxg6 Qxc4 25.
Qxc4 Nxc4 26. Nf4 Rxd1+ 27. Rxd1 Nxb2 28. Rb1 Nxa4 29. Rxb7 Ra8 30. Ne2 Nc5 31. Rb2 a4 32.
Nd4 Nd3 33. Ra2 c5 34. Nb5 Ra5 35. c4 Nb4 36. Ra3 Nc2 37. Ra2 Nb4 38. Ra3 Nc2 39. Ra2 Ne1 40. Nc3 a3 41. Nb5 Nc2 42. Kf1 Ra8 43. Ke2 h5 44. Kd2 Nb4 45. Rxa3 Rd8+ 46. Ke2 g6 47. Ra7 Kg7 48. Rc7 Nd3 49. f4 Nc1+ 50.
Kf3 Nd3 51. e4 Ne1+ 52. Ke2 Nxg2 53. e5 h4 54. Kf2 Rd2+ 55. Kf3 h3 56. Nd6 h2 57. Nxf7 h1=Q 58. Ng5+ Kf8 59. Rc8+ Ke7 60. Rc7+ Rd7 0-1

[Event "Late-Titled-Tuesday-Blitz-April-16-2024"]
[Site "Chess.com"]
[Date "2024.04.16"]
[Round "11"]
[White "Orest_Vovk"]
[Black "Hasangatin_Ramil"]
[Result "0-1"]
[WhiteElo "2560"]
[BlackElo "2657"]
[TimeControl "180+1"]
[EndTime "16:06:36 PDT"]
[Termination "Hasangatin_Ramil won by resignation"]

1. g4 d5 2. h3 e5 3. Bg2 Nc6 4. c4 d4 5. Bxc6+ bxc6 6. Qa4 Bd7 7. d3 c5 8. Qa6 Qb8 9. Nf3 Bd6 10. Nbd2 Qb6 11.
Qxb6 cxb6 12. Ne4 Bc7 13. b4 cxb4 14. a3 b3 15. Rb1 Ba4 16. Nfd2 Ne7 17. Nxb3 Bc6 18.
f3 f5 19. Ng5 Kd7 20. gxf5 Nxf5 21. Rg1 h6 22. Ne4 g5 23. Bd2 Raf8 24. Bb4 Rf7 25. c5 Ne3 26. cxb6 axb6 27. Kd2 Bxe4 28. dxe4 Ra8 29. Kd3 Bd6 30. Ra1 Rf4 31. Nd2 Rh4 32. Bxd6 Kxd6 33. Nc4+ Nxc4 34. Kxc4 Kc6 35. Rh1 Ra4+ 36.
Kb3 Ra5 37. Rac1+ Rc5 38. Rxc5+ bxc5 39. Kc4 Rf4 40. a4 Rf8 41. h4 Rb8 42. hxg5 Rb4+ 43.
Kd3 c4+ 44. Kc2 hxg5 45. Rh6+ Kc5 46. Re6 Rxa4 47. Rxe5+ Kb4 48. Rd5 Ra2+ 49. Kb1 Rd2 50. e5 Kc3 51. e6 Rxe2 52. Rxg5 Rxe6 53. f4 d3 54. f5 Re1+ 55. Ka2 d2 56. Rg3+ Kc2 57.
Rg2 c3 58. f6 Rf1 59. f7 Rxf7 60. Ka3 Ra7+ 61. Kb4 Rb7+ 62. Kc4 Rc7+ 63. Kb4 Kc1 64. Rg7 c2 65. Rxc7 d1=Q 66. Kb3 Qd3+ 67. Ka2 Qa6+ 68. Kb3 Qb6+ 69. Ka2 Qxc7 0-1

[Event "Late-Titled-Tuesday-Blitz-April-16-2024"]
[Site "Chess.com"]
[Date "2024.04.16"]
[Round "11"]
[White "Navyblue1"]
[Black "PawnEatingZombie"]
[Result "1/2-1/2"]
[WhiteElo "2237"]
[BlackElo "2239"]
[TimeControl "180+1"]
[EndTime "16:06:41 PDT"]
[Termination "Game drawn by repetition"]

1. d4 Nf6 2. c4 g6 3. Nc3 Bg7 4. e4 d6 5. Bg5 O-O 6. Be2 c5 7. d5 b5 8. cxb5 a6 9. a4 axb5 10.
Bxb5 Ba6 11. Nge2 Nbd7 12. O-O Ne8 13. Qd2 Nc7 14. Bh6 Ne5 15. Bxg7 Kxg7 16. b3 Bxb5 17.
axb5 Rb8 18. f4 Ng4 19. h3 Nf6 20. Qd3 Qd7 21. Rfd1 Nxb5 22. e5 Ne8 23. e6 fxe6 24. dxe6 Qc6 25. Nd5 Rb7 26. Nec3 Nxc3 27. Qxc3+ Nf6 28.
Nxf6 Rxf6 29. Re1 Qb5 30. Rab1 Qb4 31. Qe3 Qd4 32. Qxd4 cxd4 33. g3 Rf8 34. Red1 Rfb8 35. Rxd4 Rxb3 36. Rxb3 Rxb3 37. Kg2 Kf6 38. Re4 h5 39. h4 Rc3 40. Kf2 Ra3 41. Kg2 Kf5 42. Re2 Rd3 43. Kh2 d5 44. Re5+ Kf6 45. Kg2 d4 46.
Kf2 Rd2+ 47. Kf3 Rd1 48. Ke2 Rg1 49. Kf2 Ra1 50. Re4 Ra6 51. Rxd4 Rxe6 52. Kf3 Rb6 53. Rd1 e6 54. Re1 Rb4 55. Re3 Ra4 56. Re5 Ra2 57.
Re3 Rb2 58. Re4 Rb3+ 59. Re3 Rb2 60. Re4 Kf5 61. Re5+ Kf6 62. Re3 Rb4 63. Re5 Ra4 64.
Re3 Ra2 65. Re5 Ra3+ 66. Re3 Ra2 67. Re5 Ra3+ 68. Re3 Ra2 1/2-1/2

[Event "Late-Titled-Tuesday-Blitz-April-16-2024"]
[Site "Chess.com"]
[Date "2024.04.16"]
[Round "11"]
[White "Ykow"]
[Black "xasid81"]
[Result "1/2-1/2"]
[WhiteElo "2573"]
[BlackElo "2665"]
[TimeControl "180+1"]
[EndTime "16:06:42 PDT"]
[Termination "Game drawn by repetition"]

1. e4 d5 2. exd5 Qxd5 3. Nc3 Qd8 4. d4 Nf6 5. Nf3 g6 6. Bc4 Bg7 7. O-O O-O 8. h3 a6 9. a4 b6 10. Bf4 Bb7 11. Ne5 Nc6 12. Nxc6 Bxc6 13. Be5 e6 14.
Qe2 a5 15. Rad1 Nd5 16. Bxd5 Bxd5 17. Nxd5 Qxd5 18. Bxc7 Qc6 19. Be5 Qxa4 20. Bxg7 Kxg7 21. d5 exd5 22. Rxd5 Rfe8 23. Qd2 Rac8 24. c3 Qc4 25. Rd4 Qb5 26. Rd6 Kg8 27. Rd1 Re2 28. Qh6 Rce8 29. Rd8 Qxb2 30. Qf4 Qxc3 31. R1d7 Qa1+ 32.
Kh2 Qe5 33. Rxe8+ Qxe8 34. Rb7 Qe5 35. Qxe5 Rxe5 36. Rxb6 Kg7 37. Ra6 Rf5 38. Kg3 h5 39. f4 Kf8 40. Kf3 h4 41. Kg4 Ke8 42. Rd6 Ke7 43.
Rd4 Ke6 44. Kxh4 Rb5 45. Kg4 Kf6 46. Rd6+ Ke7 47. Ra6 Rf5 48. Kf3 Kd7 49. g4 Rb5 50. g5 Ke7 51. h4 Kf8 52. Kg4 Kg7 53. h5 gxh5+ 54. Kxh5 Rb4 55. f5 a4 56. f6+ Kh7 57. Ra7 Kg8 58. Ra8+ Kh7 59. Rf8 Rb7 60. Re8 Rb1 61.
Rf8 Rb7 62. Ra8 Rb1 63. Kg4 Rg1+ 64. Kf5 Rf1+ 65. Ke5 Rg1 66. Kf5 Rf1+ 67. Kg4 Rg1+ 68. Kh5 Rh1+ 69. Kg4 Rg1+ 1/2-1/2

[Event "Late-Titled-Tuesday-Blitz-April-16-2024"]
[Site "Chess.com"]
[Date "2024.04.16"]
[Round "11"]
[White "maurovargas01"]
[Black "PNEPaul"]
[Result "1-0"]
[WhiteElo "1894"]
[BlackElo "1852"]
[TimeControl "180+1"]
[EndTime "16:06:43 PDT"]
[Termination "maurovargas01 won on time"]

1. e4 e5 2. Nf3 Nc6 3. Bc4 Be7 4. d4 exd4 5. c3 d6 6. O-O Nf6 7. Re1 O-O 8. cxd4 Bg4 9. Qd3 Bxf3 10. gxf3 Nh5 11. Kh1 Bg5 12. Bxg5 Qxg5 13. Rg1 Qh6 14. Qe3 Qxe3 15. fxe3 Kh8 16. Nc3 f5 17. exf5 Rxf5 18. Raf1 Raf8 19. Be2 g6 20. Nb5 R5f7 21. f4 Nf6 22.
Nc3 Re7 23. Rf3 Ne4 24. Nxe4 Rxe4 25. Bd3 Re7 26. a3 Rfe8 27. Rgg3 Rf8 28. d5 Nd8 29. e4 Nf7 30. Rg2 Nh6 31. h3 Ref7 32. Rgf2 Ng8 33. b4 Nf6 34. Kh2 Nh5 35. f5 gxf5 36. Rxf5 Rxf5 37.
Rxf5 Rxf5 38. exf5 Kg7 39. Kg2 Nf4+ 40. Kf3 Nxd3 41.
Ke4 Nb2 42. Kd4 Kf6 43. Kc3 Na4+ 44. Kb3 b5 45. Kc2 Kxf5 46. Kd3 Kf4 47. Kd4 Kg3 48. h4 Kxh4 49. Ke4 Kg3 50. Kf5 h5 51. Ke6 h4 52.
Kd7 h3 53. Kxc7 h2 54. Kxd6 h1=Q 55. Ke6 Nc3 56. d6 Qc6 57. Ke7 Nd5+ 58. Ke6 Nc7+ 59. Ke7 Nd5+ 60. Ke6 Nf4+ 61. Ke7 Qb7+ 62. d7 Qc7 63. Ke8 Nd5 64. d8=Q 1-0

[Event "Late-Titled-Tuesday-Blitz-April-16-2024"]
[Site "Chess.com"]
[Date "2024.04.16"]
[Round "11"]
[White "h4parah5"]
[Black "HansOnTwitch"]
[Result "1-0"]
[WhiteElo "3045"]
[BlackElo "3137"]
[TimeControl "180+1"]
[EndTime "16:06:47 PDT"]
[Termination "h4parah5 won by resignation"]

1. d4 Nf6 2. c4 e6 3. Nf3 b6 4. g3 Bb7 5. Bg2 Be7 6. O-O O-O 7.
Nc3 Ne4 8. Bd2 d6 9. Qc2 Nxd2 10. Nxd2 c6 11. e4 Nd7 12. f4 c5 13. d5 e5 14.
Rae1 g6 15. Bh3 Bc8 16. Kh1 a6 17.
a4 Bf6 18. Nf3 Bg7 19. Kg2 Ra7 20. f5 Bh6 21. Qd3 Nf6 22. fxg6 Bxh3+ 23. Kxh3 hxg6 24.
Kg2 Kg7 25. h4 Ng4 26. Nh2 Nxh2 27. Kxh2 Qc8 28. Rf2 f5 29. Ref1 f4 30. Kg2 Raf7 31. gxf4 Bxf4 32. Qh3 Qb7 33. Qg4 Qd7 34. Qxd7 Rxd7 35.
Ne2 Rdf7 36. Kh3 Be3 37. Rxf7+ Rxf7 38. Rxf7+ Kxf7 39. Kg4 Kf6 40. b3 Bf2 41. h5 gxh5+ 42. Kxh5 Be1 43. Ng1 Bd2 44. Nf3 Bf4 45. Nh4 Ke7 46.
Kg6 Kd7 47. Nf5 Bd2 48. Kf7 Be1 49. Ng7 Bh4 50. Nh5 Bg5 51. Nf6+ Kc7 52. Ke6 b5 53. a5 bxc4 54. bxc4 Bd2 55. Ne8+ Kb8 56. Kxd6 Bxa5 57. Kxc5 Bd8 58. d6 a5 59. Kb5 Kc8 60. c5 Kd7 61. c6+ Kxe8 62. Ka6 a4 63. c7 Kd7 64. Kb7 Bf6 65. c8=Q+ Kxd6 66. Qc6+ Ke7 67. Qxa4 Bg5 68. Kc6 Bf4 69. Kd5 Kf6 70. Qc6+ Kg5 71. Qe6 Kh4 72. Qg6 Kh3 73. Ke6 Kh2 74. Kd5 1-0

[Event "Late-Titled-Tuesday-Blitz-April-16-2024"]
[Site "Chess.com"]
[Date "2024.04.16"]
[Round "11"]
[White "MFatigue"]
[Black "cthulhuuu"]
[Result "0-1"]
[WhiteElo "2549"]
[BlackElo "2481"]
[TimeControl "180+1"]
[EndTime "16:06:53 PDT"]
[Termination "cthulhuuu won by resignation"]

1. e4 d6 2. Nc3 Nf6 3. g3 c5 4.
Bg2 Nc6 5. d3 g6 6. f4 Bg7 7.
Nf3 O-O 8. O-O Rb8 9. h3 b5 10. g4 Nd4 11. Nxd4 cxd4 12. Ne2 Nd7 13. b3 e6 14. Bb2 e5 15. f5 Bh6 16. Bc1 Bxc1 17. Qxc1 g5 18. f6 h6 19. h4 Nxf6 20. hxg5 Nxg4 21. gxh6 Qh4 22. Rf3 Qh2+ 23. Kf1 Ne3+ 24. Rxe3 dxe3 25. Qxe3 Kh7 26. Qg3 Qxg3 27. Nxg3 Rg8 28.
Kf2 Be6 29. a4 b4 30. Nf1 Rg6 31. Ne3 Rbg8 32. a5 Rf6+ 33. Ke2 Bg4+ 34. Nxg4 Rxg4 35. Bf3 Rgf4 36. Rf1 Kxh6 37. Ke3 Kg7 38. Rg1+ Kf8 39. Be2 Rh6 40. Rg3 Rh2 41. Rf3 Rxf3+ 42. Kxf3 Ke7 43. Ke3 Kd8 44. Bd1 Kc7 45. Be2 Kc6 46. a6 Kb6 47. d4 exd4+ 48. Kf3 Rxe2 49. Kxe2 Kxa6 50. Kd3 Kb6 51. Kxd4 Kc6 52. Kc4 a5 53. c3 bxc3 54. Kxc3 d5 55. e5 Kc5 56. Kd3 Kb4 57. Kd4 Kxb3 58. Kxd5 a4 59. Kd6 a3 60. Ke7 a2 61. Kxf7 a1=Q 62. e6 Qf1+ 63. Ke7 Kc4 64. Kd8 Qf6+ 65. e7 Qd6+ 66. Ke8 Kd5 67. Kf7 Qf4+ 68.
Kg8 Qg5+ 69. Kf8 Qf6+ 70. Ke8 Kd6 0-1

[Event "Late-Titled-Tuesday-Blitz-April-16-2024"]
[Site "Chess.com"]
[Date "2024.04.16"]
[Round "11"]
[White "martinmena"]
[Black "BenchGM"]
[Result "1-0"]
[WhiteElo "2199"]
[BlackElo "2291"]
[TimeControl "180+1"]
[EndTime "16:07:01 PDT"]
[Termination "martinmena won by resignation"]

1. c4 Nf6 2. g3 e6 3. Bg2 d5 4.
Nf3 Be7 5. O-O O-O 6. d4 dxc4 7. Qc2 a6 8. a4 Bd7 9. Qxc4 Bc6 10. Bg5 Nbd7 11.
Nc3 h6 12. Bf4 Bd6 13. Be5 Bxf3 14. Bxf6 Nxf6 15. Bxf3 c6 16. e4 e5 17. Rfd1 Qb6 18. d5 Rac8 19. dxc6 Rxc6 20. Qe2 Qb3 21. Rd3 Qc4 22. Rad1 Bb4 23. Nd5 Nxd5 24. exd5 Rf6 25.
Qxe5 Qc2 26. Qe2 Qxa4 27. d6 Re6 28. Qf1 Qd7 29. Bg4 f5 30. Bf3 Rd8 31. Bd5 Kh8 32.
Bxe6 Qxe6 33. Qg2 Rxd6 34. Rxd6 Bxd6 35. Qxb7 Bc5 36. Qd5 Qb6 37. Qd8+ Kh7 38. Qxb6 Bxb6 39.
Rd6 Bc5 40. Rxa6 Bd4 41. Ra2 Kg6 42. b3 Kf6 43. Rc2 Ke6 44. Rc4 Ba7 45. Kg2 Kd5 46.
f3 Bd4 47. h3 Bf6 48. g4 fxg4 49. hxg4 g6 50. Kf1 h5 51. Ke2 h4 52. g5 Bxg5 53.
Rg4 h3 54. Kf1 h2 55. Kg2 Bf6 56. Rxg6 Be5 57. Rg5 Kd4 58. Rxe5 Kxe5 59. Kxh2 Kf4 60. Kg2 Ke5 61. b4 Kd5 62. f4 Ke4 63. b5 Kxf4 64. b6 Ke5 65. b7 Kd6 66. b8=Q+ Kd7 67. Qb6 Ke7 68. Kf3 Kf7 69. Ke4 Kg7 70. Ke5 Kh7 71.
Qf6 Kg8 72. Qe7 Kh8 73. Kf6 1-0

[Event "Late-Titled-Tuesday-Blitz-April-16-2024"]
[Site "Chess.com"]
[Date "2024.04.16"]
[Round "11"]
[White "Abund"]
[Black "Polish_fighter3000"]
[Result "0-1"]
[WhiteElo "2813"]
[BlackElo "3098"]
[TimeControl "180+1"]
[EndTime "16:07:04 PDT"]
[Termination "Polish_fighter3000 won by resignation"]

1. e4 g6 2. d4 Bg7 3. Nc3 d6 4. f4 Nf6 5. Nf3 c5 6. dxc5 Qa5 7. Qd3 Qxc5 8. Be3 Qa5 9. Qb5+ Qxb5 10. Bxb5+ Bd7 11.
Bd3 Nc6 12. a3 Ng4 13. Bd2 Nd4 14. Nxd4 Bxd4 15. Nd1 e5 16. h3 Nf6 17. c3 Bb6 18.
Ne3 Bc6 19. Ng4 Nd7 20. Bc2 h5 21. Nf2 Nf6 22. fxe5 dxe5 23. Bg5 Nh7 24. Bd2 Rd8 25.
Rd1 Nf6 26. Bg5 Rxd1+ 27. Kxd1 Nh7 28. Bh4 g5 29. Bg3 f6 30. Ke2 Nf8 31. Rd1 Ng6 32. Bd3 a5 33. Rd2 a4 34. Nd1 Nf4+ 35. Kf1 Nxd3 36. Rxd3 Bb5 37. Ke2 Ke7 38. Kd2 Bxd3 39.
Kxd3 h4 40. Be1 Rg8 41. Ke2 Ke6 42. Bf2 Bxf2 43. Nxf2 f5 44. exf5+ Kxf5 45. Ng4 Rd8 46. Ne3+ Ke4 47. Ng4 Rd6 48. Nf2+ Kf5 49. Ke3 Rb6 50.
Nd3 Rb3 51. Nc5 Rxb2 52. Nxa4 Rb3 53. Kd3 Rxa3 54. Nc5 b5 55. Kc2 Ra2+ 56. Kb3 Rxg2 57. Nb7 Ke6 58. Nc5+ Kd5 59. Nd3 Rd2 60. Ne1 e4 61.
Nc2 Rxc2 62. Kxc2 Kc4 63. Kd2 e3+ 64. Kxe3 Kxc3 65. Kf3 b4 66. Kg4 b3 67. Kxg5 b2 68. Kxh4 b1=Q 69. Kg5 Qh7 70. h4 Kc4 71. h5 Kd5 72. h6 Ke6 73. Kf4 Qxh6+ 0-1

[Event "Late-Titled-Tuesday-Blitz-April-16-2024"]
[Site "Chess.com"]
[Date "2024.04.16"]
[Round "11"]
[White "prochn"]
[Black "azikom"]
[Result "0-1"]
[WhiteElo "2451"]
[BlackElo "2690"]
[TimeControl "180+1"]
[EndTime "16:07:04 PDT"]
[Termination "azikom won on time"]

1. d4 Nf6 2. c4 e6 3. g3 c5 4. d5 exd5 5. cxd5 b5 6. e4 Nxe4 7. Bg2 Nd6 8. Nf3 Be7 9. O-O O-O 10. Re1 Re8 11. Bf4 Bf8 12. Nc3 Rxe1+ 13. Qxe1 b4 14. Ne4 Nxe4 15. Qxe4 d6 16. Re1 Nd7 17. Bg5 Nf6 18.
Qf4 Bd7 19. Nd2 h6 20. Bxf6 Qxf6 21. Qxf6 gxf6 22. Bf1 f5 23. Bd3 Kg7 24. Nc4 Kf6 25. f4 Re8 26. Rxe8 Bxe8 27. Kf2 Bd7 28. Ne3 Bg7 29.
Ke2 Kg6 30. b3 Kf6 31. Kf3 a5 32. Nc4 a4 33. Nxd6 axb3 34. axb3 Bf8 35. Nc4 Bc8 36. Ne3 Bb7 37. Bc4 Bd6 38. Kg2 Ba8 39. Kh3 Be7 40. Bd3 Bf8 41. Kh4 Bb7 42. Kh5 Bc8 43. Nc4 Bb7 44.
Ne3 Bc8 45. Bb5 Ke7 46. Bd3 Kd6 47. Bc4 Bd7 48. Kh4 Bg7 49. Kh3 Bd4 50. Ng2 Bc8 51. Nh4 Ke7 52. Kg2 Bf6 53. Nf3 Bb7 54. Ne1 Kd6 55. Kf2 Bxd5 56. Bxd5 Kxd5 57. Nd3 Kd4 58. Ke2 Bg7 59. Kd2 Bf8 60. Nb2 Ke4 61. Ke2 Bg7 62. Nc4 Kd4 63. Nd6 Kc3 64. Nxf5 Bf8 65. Ne3 Kxb3 66.
g4 c4 67. g5 c3 68. Kd3 h5 69. f5 Kb2 70. Nc4+ Kb1 71. f6 c2 0-1